Map: Ice and Chrome LE

Players

HeroMarine - Winner!

  • Race: Terran Terran
  • Spawn Location: 1:00

SortOf

  • Race: Zerg Zerg
  • League: Grandmaster
  • Spawn Location: 7:00

Event: DreamHack SC2 Masters 2020 Fall

VOD

Have the link to the VOD?

Description

Time

  • Played on: Aug. 27, 2020, 12:05 p.m.
  • Length: 22:12

All games in this series

Show
View Real Time Build Order
Export as new Build Order

HeroMarine Terran - Winner!

Build Orders: Reaper Expand 

Get SALT Encoding   

  12  0:00  SCV  
  13  0:12  SCV  
  14  0:17  Supply Depot  
  14  0:24  SCV  
  15  0:38  SCV  
  15  0:40  Barracks  
  16  0:43  Refinery  
  16  0:51  SCV  
  17  1:03  SCV  
  18  1:15  SCV  
  19  1:27  Orbital Command, Reaper  
  20  1:39  Command Center  
  20  1:47  Supply Depot  
  20  1:53  SCV  
  21  1:59  Reaper  
  22  2:05  SCV  
  23  2:17  SCV  
  23  2:20  Factory  
  24  2:29  SCV  
  25  2:39  Barracks Reactor  
  25  2:40  Command Center  
  25  2:41  SCV  
  26  2:52  Orbital Command  
  26  2:53  SCV  
  27  2:59  Barracks  
  27  3:05  SCV  
  28  3:16  Refinery  
  28  3:18  SCV x2  
  30  3:21  Barracks Tech Lab, Hellion  
  30  3:23  Hellion  
  34  3:30  SCV  
  35  3:34  SCV  
  35  3:40  Stimpack, Marine  
  35  3:42  SCV  
  35  3:46  SCV  
  37  3:49  Engineering Bay  
  37  3:52  Orbital Command  
  37  3:54  SCV, Marine x2  
  40  3:57  Hellion  
  40  3:58  SCV, Marine  
  44  4:06  Refinery, SCV  
  45  4:11  SCV  
  45  4:12  Marine x2  
  45  4:15  Terran Infantry Weapons Level 1  
  48  4:18  SCV  
  48  4:19  Starport  
  48  4:20  SCV  
  48  4:22  Factory Reactor, Marine  
  48  4:23  SCV  
  52  4:29  Supply Depot  
  52  4:30  Marine  
  52  4:31  SCV  
  54  4:32  SCV  
  54  4:35  SCV  
  56  4:39  Barracks, Marine  
  56  4:41  Marine  
  56  4:42  Supply Depot  
  58  4:46  SCV x2  
  58  4:48  Marine  
  58  4:50  SCV  
  62  4:54  Supply Depot  
  62  4:57  Marine  
  62  4:58  SCV  
  65  5:01  Orbital Command  
  65  5:04  SCV, Supply Depot  
  65  5:06  Medivac x2  
  71  5:07  Widow Mine, Marine x2  
  71  5:11  SCV  
  71  5:13  Supply Depot  
  74  5:16  SCV  
  74  5:19  Missile Turret  
  74  5:20  Combat Shield  
  75  5:24  SCV  
  75  5:26  Missile Turret  
  75  5:27  Missile Turret, Marine x3, Barracks Reactor  
  79  5:28  SCV  
  79  5:33  Missile Turret  
  79  5:34  SCV  
  81  5:37  SCV  
  81  5:40  SCV  
  83  5:44  Factory Reactor  
  83  5:45  Marine x3  
  83  5:46  SCV  
  83  5:49  SCV  
  88  5:50  Supply Depot  
  88  5:52  Medivac x2  
  88  5:53  SCV  
  93  5:58  SCV  
  93  5:59  Supply Depot x2  
  93  6:03  Marine x3  
  97  6:06  Barracks, Marine  
  97  6:07  Barracks, Marine  
  97  6:11  Supply Depot  
  99  6:12  Terran Infantry Armor Level 1, Refinery  
  99  6:13  SCV  
  99  6:14  SCV x2  
  102  6:20  Marine  
  102  6:21  Marine x2  
  102  6:24  Supply Depot  
  102  6:25  SCV, Supply Depot  
  106  6:26  SCV  
  106  6:27  Marine  
  106  6:29  Widow Mine  
  106  6:30  SCV, Widow Mine  
  112  6:33  Marine  
  112  6:38  Marine x2  
  112  6:39  Marine  
  116  6:40  Medivac x2  
  116  6:44  Marine  
  121  6:48  Engineering Bay  
  121  6:49  Armory  
  121  6:50  Missile Turret  
  121  6:51  Marine  
  121  6:52  Widow Mine  
  121  6:53  Widow Mine  
  126  6:56  Marine x2, Barracks Reactor x2  
  126  7:01  Marine  
  129  7:02  Marine  
  129  7:06  Command Center  
  130  7:09  Marine  
  130  7:11  Supply Depot  
  130  7:12  Supply Depot  
  130  7:14  Marine  
  123  7:25  Marine  
  123  7:28  Medivac x2, Widow Mine x2  
  128  7:30  Marine x3  
  128  7:32  Factory, Refinery, Marine  
  125  7:39  Terran Infantry Weapons Level 2  
  125  7:40  Marine x2  
  125  7:43  Marine  
  111  7:46  Marine x2  
  111  7:49  SCV x3  
  111  7:50  Marine  
  111  7:51  Marine  
  118  7:52  Barracks x3  
  118  7:55  Widow Mine x2  
  122  8:01  SCV x2  
  122  8:02  SCV  
  125  8:06  Terran Infantry Armor Level 2  
  125  8:07  Terran Vehicle And Ship Armor Level 1  
  125  8:09  Marine  
  125  8:10  Marine x2  
  128  8:13  SCV  
  128  8:14  Marine x3  
  128  8:17  Marine x3  
  135  8:22  Widow Mine  
  135  8:25  SCV x3  
  140  8:27  Marine x2  
  140  8:28  Marine  
  140  8:32  Marine x2  
  142  8:37  SCV x2  
  142  8:38  SCV  
  142  8:39  Missile Turret  
  144  8:52  Missile Turret  
  144  8:53  SCV x2  
  144  8:55  Barracks Tech Lab x3  
  146  8:56  Missile Turret  
  146  9:00  Factory Tech Lab, Marine  
  146  9:01  Marine x3  
  146  9:02  Planetary Fortress  
  148  9:03  SCV  
  148  9:05  SCV  
  148  9:06  Missile Turret  
  148  9:08  Sensor Tower  
  150  9:15  Concussive Shells  
  148  9:23  Drilling Claws, Thor  
  154  9:24  Marauder, Widow Mine x2  
  154  9:25  Marauder x3  
  154  9:27  Missile Turret  
  160  9:32  SCV x2  
  160  9:33  SCV  
  162  9:42  Marine x3  
  162  9:45  Widow Mine x2, Marine x4  
  172  9:46  Marauder x2  
  172  9:49  Supply Depot  
  172  9:50  Supply Depot x2, Marine  
  178  9:55  Terran Infantry Weapons Level 3  
  168  10:01  Marauder x2, Marine  
  168  10:02  Marine  
  168  10:06  Thor  
  180  10:09  Refinery  
  180  10:11  Marauder, Widow Mine, Marine x5  
  180  10:12  Marine  
  180  10:14  Missile Turret, Marine  
  191  10:20  Missile Turret x2  
  189  10:23  Bunker  
  189  10:28  Command Center  
  188  10:29  Marine x2  
  188  10:33  Terran Infantry Armor Level 3  
  188  10:45  Marauder  
  188  10:49  Missile Turret  
  189  10:53  Command Center  
  189  10:54  Widow Mine x2  
  193  11:05  Marauder x2, Marine x2  
  193  11:10  Barracks x2  
  199  11:16  Barracks  
  199  11:18  Marine  
  200  11:19  Command Center  
  200  11:23  Terran Vehicle And Ship Armor Level 2  
  191  11:34  Marauder x2  
  191  11:35  Marine x2  
  191  11:36  Marine x2  
  191  11:37  Marauder  
  191  11:38  Marine x2  
  199  11:40  Marine  
  190  11:48  Marine x2  
  184  11:54  Thor  
  184  11:55  Widow Mine x2  
  184  11:56  Marauder  
  184  11:58  Marauder, Marine x2  
  189  12:11  Marauder, Marine x3, Barracks Reactor  
  189  12:12  Barracks Tech Lab x2  
  183  12:16  Marauder  
  183  12:17  Widow Mine x2  
  183  12:21  Marauder x2  
  161  12:24  Marine x4  
  161  12:25  Marine  
  161  12:29  Marine  
  165  12:32  Marauder  
  165  12:33  SCV  
  165  12:34  SCV x2  
  165  12:35  Marauder x2, Marine  
  165  12:36  Orbital Command  
  175  12:37  Marine, Thor  
  175  12:38  Missile Turret, Widow Mine, Marine  
  175  12:42  Marine x4  
  175  12:43  Widow Mine  
  191  12:45  Marine x3  
  191  12:47  Missile Turret  
  191  12:49  Missile Turret, Marine  
  195  12:54  Marauder  
  195  12:56  Marauder  
  199  13:01  Missile Turret  
  199  13:02  Hi-Sec Auto Tracking  
  199  13:05  Missile Turret  
  199  13:08  Planetary Fortress  
  199  13:10  Neosteel Armor  
  199  13:19  Marauder  
  197  13:20  Missile Turret x2  
  197  13:23  Missile Turret x2  
  195  13:37  Missile Turret, SCV x4  
  195  13:39  Sensor Tower  
  197  13:49  Terran Vehicle And Ship Armor Level 3, SCV  
  197  13:52  Marauder  
  191  14:03  Marine  
  191  14:04  Marauder x2, Marine x4  
  191  14:07  Marauder  
  190  14:10  Marauder, Marine  
  190  14:12  Marine x3  
  190  14:13  Marauder, Marine  
  197  14:19  Thor  
  197  14:23  Marine  
  197  14:24  Marauder, Marine x2  
  179  14:27  Widow Mine x2, Marine x4  
  179  14:28  Marauder  
  191  14:31  Command Center, Marauder  
  191  14:32  Medivac  
  191  14:34  Command Center, Marauder  
  191  14:37  Marine x3  
  200  14:45  Marauder  
  188  14:48  Marauder  
  188  14:49  Medivac, Marauder  
  188  14:50  Marauder  
  195  14:53  Marine x2  
  195  14:54  Starport, Marine x2  
  195  14:56  Marine  
  200  15:00  Marine x2  
  200  15:02  Medivac  
  200  15:03  Marine x2  
  197  15:11  Marauder, Marine  
  180  15:36  Marauder  
  180  15:37  Thor  
  180  15:38  Widow Mine x2  
  180  15:40  Marauder  
  180  15:41  Marine  
  180  15:42  Marine  
  188  15:43  Marauder x2, Marine x3  
  188  15:44  Marine x2  
  188  15:46  Marauder  
  188  15:47  Marine  
  189  15:54  Marauder, Marine x2  
  159  15:57  Marauder  
  159  15:59  Marine x2  
  159  16:00  Starport Reactor, Widow Mine  
  159  16:01  Widow Mine, Marine  
  159  16:02  Marauder  
  172  16:04  Marauder  
  172  16:06  Marauder, Marine x2  
  172  16:07  Medivac x2  
  172  16:08  Marauder, Marine x3  
  185  16:12  Marine x2  
  185  16:16  Marauder  
  185  16:17  Marine x2  
  184  16:20  Thor  
  184  16:21  Widow Mine  
  184  16:23  Planetary Fortress, Marauder x2, Marine  
  195  16:29  Marine x2  
  195  16:31  Widow Mine  
  195  16:32  Orbital Command  
  197  16:33  Marine x2  
  197  16:37  Missile Turret  
  197  16:39  Missile Turret x3  
  199  16:44  Command Center  
  199  16:48  Marine  
  195  16:57  Marauder x2  
  199  17:02  Command Center  
  189  17:32  Marauder  
  189  17:34  Medivac x2  
  189  17:35  Marauder x2, Marine x2  
  178  17:38  Marauder, Marine x2  
  178  17:42  Medivac x2  
  162  17:44  Marine x3  
  162  17:45  Marauder x2, Marine  
  162  17:46  Marine x2  
  162  17:52  Widow Mine x2, Marine  
  162  17:53  Marine x2  
  162  17:56  Marine x3  
  162  17:57  Marauder  
  158  18:00  Marauder  
  158  18:02  Marine x4  
  158  18:04  Medivac x2, Barracks, Thor, Marine x2  
  176  18:05  Marine  
  176  18:06  Barracks, Marauder  
  176  18:07  Factory, Barracks  
  176  18:11  Marauder, Marine x2  
  176  18:12  Medivac x2  
  183  18:14  Widow Mine x2, Marine x2  
  183  18:15  Marauder  
  183  18:18  Terran Vehicle Weapons Level 1, Marauder  
  183  18:19  Marine  
  193  18:20  Marine x4  
  193  18:21  Marine  
  193  18:22  Marine  
  193  18:25  Orbital Command  
  193  18:26  Marine  
  199  18:28  Marine  
  199  18:32  Marine  
  200  18:35  Missile Turret  
  200  18:39  Refinery  
  200  18:40  Refinery  
  200  18:44  Missile Turret  
  200  18:45  Missile Turret x2  
  200  18:46  Fusion Core  
  200  19:03  Barracks Reactor  
  200  19:04  Barracks Tech Lab x2  
  190  19:19  Marauder  
  192  19:29  SCV  
  192  19:30  Fusion Core, SCV x3  
  193  19:31  SCV, Marine x3  
  193  19:32  Marauder, Marine x2  
  200  19:44  Missile Turret x2, SCV  
  200  19:48  Missile Turret  
  189  19:53  Planetary Fortress  
  189  19:56  Marauder  
  189  19:57  Medivac  
  189  19:58  Medivac, Thor  
  189  19:59  Factory Reactor, Widow Mine  
  195  20:00  Widow Mine  
  195  20:02  Marauder, Marine  
  200  20:13  Command Center x2  
  194  20:17  Marauder  
  194  20:19  Marauder  
  185  20:23  Marine x2  
  185  20:24  Marine x5  
  185  20:25  Marauder x2, Marine x4  
  185  20:26  Marine x4  
  185  20:27  Widow Mine  
  185  20:28  Widow Mine  
  178  20:29  Medivac x4, Missile Turret x2, Marauder  
  178  20:31  Rapid Reignition System  
  186  20:38  Marauder  
  186  20:41  Marauder, Thor, Marine x2  
  196  20:44  Marauder  
  198  20:55  Command Center  
  198  20:56  Marauder, Marine  
  200  21:00  Ghost Academy  
  192  21:12  Marauder, Marine x2  
  192  21:15  Marauder, Marine x2  
  192  21:16  Marine x3  
  199  21:18  Widow Mine  
  199  21:21  Marauder, Refinery, Marine x2  
  199  21:22  Refinery  
  199  21:25  Refinery x2, Marine x2  
  200  21:27  Command Center  
  200  21:30  Orbital Command x2  
  200  21:38  Missile Turret  
  200  21:39  Marauder  
  197  21:42  Marauder  
  197  21:45  Command Center  
  196  21:50  Marine  
  196  21:51  Marauder, Marine  
  198  22:00  Command Center  
Show
View Real Time Build Order
Export as new Build Order

SortOf Zerg 

Build Orders: Hatch First, Muta Ling Bane 

Get SALT Encoding   

  12  0:00  Drone  
  13  0:14  Overlord  
  13  0:17  Drone  
  14  0:32  Drone x2  
  16  0:47  Hatchery  
  15  0:51  Drone  
  15  0:55  Drone  
  17  0:58  Drone  
  18  1:09  Extractor  
  17  1:13  Spawning Pool  
  17  1:16  Drone  
  17  1:20  Drone  
  18  1:29  Drone  
  19  1:41  Drone  
  20  1:54  Overlord  
  20  1:59  Queen x2  
  20  2:00  Zergling x2  
  25  2:01  Zergling x2  
  26  2:11  Drone  
  26  2:13  Metabolic Boost  
  26  2:14  Drone  
  28  2:25  Drone  
  28  2:28  Drone  
  30  2:35  Queen  
  32  2:37  Queen  
  32  2:40  Drone x2  
  36  2:44  Overlord  
  36  2:54  Overlord  
  35  3:06  Drone x2  
  35  3:09  Zergling x6  
  38  3:13  Drone  
  38  3:15  Drone x4  
  43  3:22  Lair  
  43  3:24  Drone  
  44  3:27  Drone  
  44  3:34  Drone x2  
  46  3:43  Drone x2  
  48  3:51  Overlord  
  48  3:52  Drone, Hatchery  
  48  3:55  Extractor x2  
  47  3:56  Drone  
  47  3:58  Drone  
  47  4:02  Drone  
  49  4:03  Baneling Nest  
  49  4:06  Drone x2  
  49  4:08  Drone  
  51  4:15  Drone x3  
  54  4:17  Drone  
  54  4:21  Overlord  
  55  4:25  Spire  
  55  4:30  Overseer  
  54  4:32  Drone  
  54  4:33  Drone  
  54  4:34  Zergling x2  
  54  4:35  Zergling x2  
  54  4:38  Extractor  
  57  4:39  Queen  
  57  4:41  Zergling x2  
  57  4:42  Zergling x2  
  61  4:46  Spore Crawler  
  61  4:49  Drone x3  
  63  4:53  Drone x2  
  63  4:58  Overlord  
  63  4:59  Drone x2  
  67  5:04  Drone x2  
  69  5:11  Drone x3  
  72  5:14  Drone  
  72  5:16  Drone x2  
  72  5:20  Centrifical Hooks  
  75  5:21  Overlord  
  75  5:22  Overlord  
  75  5:27  Drone x3  
  78  5:30  Extractor, Zergling x2  
  78  5:38  Mutalisk  
  78  5:39  Mutalisk x2  
  78  5:42  Mutalisk x2  
  84  5:44  Mutalisk  
  84  5:45  Extractor  
  84  5:49  Drone x2  
  91  5:50  Drone, Zergling x2  
  91  5:51  Baneling x3  
  91  5:57  Overlord  
  93  5:58  Overlord  
  93  5:59  Mutalisk  
  95  6:05  Zergling x4  
  97  6:11  Overlord  
  97  6:13  Overlord  
  97  6:14  Evolution Chamber  
  97  6:16  Drone x3  
  97  6:17  Drone  
  100  6:19  Zergling x4, Overseer  
  100  6:22  Evolution Chamber  
  100  6:23  Zerg Flyer Weapons Level 1  
  100  6:24  Mutalisk  
  103  6:26  Zergling x2  
  103  6:27  Zergling x4  
  103  6:28  Baneling  
  106  6:39  Hatchery  
  105  6:42  Zerg Ground Armor Level 1  
  105  6:43  Zergling x6  
  108  6:49  Zerg Melee Weapons Level 1  
  108  6:54  Baneling x11  
  108  6:55  Baneling  
  108  6:57  Zergling x6  
  108  6:58  Zergling x2  
  108  6:59  Mutalisk  
  114  7:02  Overseer  
  114  7:08  Pneumatized Carapace  
  114  7:11  Zergling x14  
  119  7:15  Baneling  
  119  7:16  Baneling x3  
  114  7:28  Mutalisk x2  
  114  7:30  Zergling x18  
  103  7:44  Mutalisk x3  
  103  7:46  Zergling x6  
  103  7:51  Baneling x4  
  112  7:55  Zergling x6  
  112  7:57  Baneling x4  
  115  7:59  Overlord  
  115  8:02  Overlord x2  
  115  8:08  Mutalisk  
  115  8:09  Drone x3  
  120  8:14  Drone x3  
  120  8:15  Queen, Hatchery  
  124  8:23  Extractor, Baneling x5, Overseer  
  123  8:28  Extractor  
  120  8:37  Mutalisk x3  
  132  8:41  Zergling x24  
  132  8:47  Drone  
  132  8:48  Zerg Ground Armor Level 2  
  136  8:49  Overlord  
  136  8:50  Drone  
  136  8:53  Zergling x2  
  136  8:55  Zerg Melee Weapons Level 2  
  138  9:03  Baneling x7  
  138  9:08  Zergling x2  
  138  9:09  Zergling x10  
  139  9:19  Mutalisk x3  
  139  9:21  Drone x6  
  151  9:25  Overlord  
  149  9:33  Drone  
  149  9:36  Overlord  
  149  9:37  Drone, Overlord  
  149  9:38  Overlord  
  150  9:44  Zerg Flyer Weapons Level 2  
  149  9:47  Mutalisk x4  
  149  9:52  Overlord  
  157  9:53  Baneling  
  157  9:55  Queen  
  157  9:56  Baneling x2  
  157  9:57  Baneling  
  157  9:59  Drone x2  
  159  10:02  Baneling x4  
  159  10:05  Mutalisk x2  
  164  10:07  Drone  
  164  10:13  Drone x3  
  167  10:14  Zergling x8  
  165  10:27  Zergling x22  
  176  10:37  Baneling x17  
  172  10:44  Zergling x18  
  178  10:53  Queen  
  172  11:05  Baneling  
  172  11:06  Zergling x14  
  172  11:08  Overlord x3  
  172  11:09  Infestation Pit  
  178  11:15  Mutalisk x5  
  188  11:23  Zergling x2  
  189  11:25  Baneling x8  
  189  11:26  Baneling x5  
  172  11:36  Zergling x22  
  172  11:37  Baneling x4  
  166  11:48  Mutalisk x5  
  166  11:50  Zergling x14  
  166  11:53  Baneling x6  
  179  11:54  Overseer x2  
  179  12:00  Zerg Flyer Armor Level 1, Zergling x8  
  183  12:02  Baneling x6  
  165  12:20  Zergling x22  
  156  12:23  Baneling  
  156  12:24  Baneling x3  
  156  12:28  Zergling x8  
  159  12:33  Zergling x12  
  159  12:34  Baneling x8  
  159  12:36  Queen  
  164  12:39  Hive  
  166  12:45  Zergling x2  
  166  12:46  Zergling x14  
  166  12:48  Baneling  
  166  12:49  Baneling x9  
  174  12:58  Overseer  
  174  13:01  Zergling x10  
  174  13:04  Hatchery  
  178  13:07  Baneling x11  
  174  13:23  Zergling x28  
  188  13:32  Overlord  
  188  13:39  Mutalisk  
  188  13:41  Zergling x14  
  197  13:52  Baneling  
  197  13:53  Baneling x27  
  181  14:05  Zergling x42  
  181  14:07  Overlord x3  
  181  14:08  Overseer x3  
  184  14:12  Zerg Melee Weapons Level 3  
  149  14:25  Zergling x10  
  154  14:34  Drone x6  
  154  14:38  Drone x5  
  164  14:39  Hatchery  
  163  14:45  Zergling x6  
  163  14:46  Zergling x6  
  168  14:52  Mutalisk  
  168  14:53  Mutalisk x2  
  168  14:57  Zerg Flyer Weapons Level 3  
  172  15:03  Zergling x10  
  170  15:07  Overseer  
  170  15:08  Overseer x2  
  170  15:13  Zergling x12  
  176  15:19  Zergling x10  
  181  15:24  Baneling x4  
  181  15:25  Baneling x6  
  181  15:28  Baneling x4  
  159  15:38  Zergling x20  
  159  15:39  Zergling x2  
  159  15:40  Zergling x4  
  158  15:45  Zergling x10  
  154  15:57  Zergling x22  
  142  15:58  Baneling x4  
  141  16:09  Mutalisk x5  
  151  16:16  Mutalisk x3  
  144  16:28  Mutalisk x5  
  154  16:35  Drone x7  
  154  16:39  Mutalisk x3  
  166  16:45  Zergling x10  
  166  16:57  Zergling x20  
  174  17:02  Baneling x14  
  174  17:07  Zergling x4  
  174  17:08  Zergling x8  
  180  17:11  Baneling  
  180  17:12  Baneling x7  
  179  17:18  Zergling x8  
  179  17:19  Baneling x9  
  179  17:27  Zergling x18  
  179  17:28  Baneling x4  
  174  17:41  Zergling x24  
  154  17:50  Mutalisk  
  154  17:51  Mutalisk x6  
  143  18:02  Baneling x7  
  140  18:08  Mutalisk  
  140  18:09  Mutalisk x4  
  148  18:13  Zergling x2  
  148  18:14  Zergling x8  
  148  18:17  Hatchery  
  148  18:19  Baneling x3  
  152  18:21  Zergling x12  
  156  18:32  Zergling x20  
  166  18:39  Zergling x4  
  166  18:40  Baneling x7  
  168  18:51  Zergling x12  
  168  18:53  Baneling x8  
  170  18:59  Zergling x12  
  174  19:12  Zergling x18  
  175  19:29  Mutalisk x9  
  180  19:32  Zergling x6  
  181  19:39  Hatchery  
  181  19:44  Zergling x12  
  186  19:52  Mutalisk x2  
  175  19:59  Zergling x10  
  184  20:02  Extractor  
  184  20:04  Extractor  
  180  20:07  Baneling x5  
  179  20:17  Hatchery  
  153  20:27  Zergling x26  
  153  20:33  Hatchery  
  139  20:43  Mutalisk x2  
  139  20:45  Zergling x10  
  148  20:57  Zergling x10  
  148  21:00  Extractor x2  
  133  21:16  Zergling x8  
  135  21:18  Baneling x5  
  135  21:19  Baneling x3  
  126  21:25  Zergling x16  
  126  21:26  Zergling x6  
  126  21:27  Baneling x2  
  133  21:33  Zergling x4  
  125  21:52  Hatchery  
  120  22:02  Hatchery  
  119  22:09  Hatchery  

Tags
 
Add a new tag
Caveats
  • Supply blocks, unpowered buildings, or Contaminate may cause inaccurate times.
  • Supply counts are checked every 10 seconds.